 Dungeon Crawl Stone Soup version 0.30.0-11-gf55b779eaf (webtiles) character file.

Game seed: 9992243981217905364

1939 RascalDebosk the Magician (level 9, -6/66 HPs)
             Began as a Djinni Earth Elementalist on May 16, 2023.
             Was an Initiate of Ashenzari.
             Mangled by a wight
             ... wielding a +3 great sword
              (8 damage)
             ... on level 6 of the Dungeon.
             The game lasted 00:41:23 (5271 turns).

RascalDebosk the Magician (DjEE)                    Turns: 5271, Time: 00:41:23

Health: -6/66      AC:  5    Str:  7    XL:     9   Next: 40%
Gold:   360        EV: 11    Int: 20    God:    Ashenzari [......] SH:  0 Dex: 15

rFire   + + .        s - +2 dagger (venom)
rCold   x . .        (no shield)
rNeg    . . .        t - +0 troll leather armour {Pargi}
rPois   ∞            u - +0 helmet
rElec   .            (no cloak)
rCorr   .            (no gloves)
SInv    .            (boots unavailable)
Will    .....        (no amulet)
Stlth   ++           (no ring)
HPRegen 1.11/turn    (no ring)
MPRegen 0.00/turn

%: infuse magic (-7 HP)
@: flying
A: sickness immunity, fire resistance 2, cold vulnerability 1, float, innate
caster, HP casting, extra vitality 1
a: Renounce Religion, Curse Item


You were on level 6 of the Dungeon.
You worshipped Ashenzari.
Ashenzari was noncommittal.
You visited 1 branch of the dungeon, and saw 6 of its levels.

You collected 360 gold pieces.

Inventory:

Hand Weapons
 g - a +1 short sword of electrocution
 s - a +2 dagger of venom (weapon)
Armour
 a - a +0 robe
 t - a +0 troll leather armour (worn) {Pargi}
 u - a +0 helmet (worn)
 x - the +0 chain mail "Poas" {-Tele Int+10 Stlth+}
   (You found it on level 6 of the Dungeon)

   Int:       It affects your intelligence (+10).
   -Tele:     It prevents most forms of teleportation.
   Stlth:     It makes you more stealthy.
Wands
 p - a wand of roots (15)
 v - a wand of flame (17)
 z - a wand of mindburst (9)
Scrolls
 c - 2 scrolls of magic mapping {unknown}
 f - 2 scrolls of blinking {unknown}
 h - a scroll of poison {unknown}
 i - 5 scrolls of identify {unknown}
 k - a scroll of enchant armour {unknown}
 l - 6 scrolls of teleportation {unknown}
 o - a scroll of silence {unknown}
 w - a scroll of brand weapon {unknown}
 y - a scroll of amnesia {unknown}
Potions
 b - a potion of ambrosia {unknown}
 d - 6 potions of curing {unknown}
 e - 3 potions of flight {unknown}
 j - 3 potions of invisibility {unknown}
 m - 5 potions of degeneration {unknown}
 n - a potion of magic {unknown}
 q - 2 potions of mutation {unknown}
 r - a potion of haste {unknown}
 A - a potion of might {unknown}


   Skills:
 * Level 5.7 Fighting
 + Level 3.5 Short Blades
 + Level 3.3 Armour
 - Level 2.1 Dodging
 + Level 3.5 Stealth
 * Level 6.1 Spellcasting
 - Level 1.7 Evocations


You knew the following spells:

 Your Spells              Type           Power      Damage    Failure   Level
a - Sandblast             Erth           60%        2d14      1%          1
b - Passwall              Tmut/Erth      25%        N/A       1%          2
c - Stone Arrow           Conj/Erth      60%        3d10      3%          3
d - Petrify               Tmut/Erth      30%        N/A       12%         4
e - Shock                 Conj/Air       100%       1d9       1%          1
f - Poisonous Vapours     Pois/Air       60%        N/A       1%          2
g - Ignite Poison         Fire/Tmut/Pois 30%        N/A       3%          3
h - Flame Wave            Conj/Fire      30%        2d9       12%         4
Your spell library was empty.

Dungeon Overview and Level Annotations

Branches:
Dungeon (6/15)             Temple (0/1) D:5

Altars:
Ashenzari
Okawaru
Ru
Uskayaw

Shops:
D:3 =

Annotations:
D:4 3 runed translucent doors, GigaChad's ghost, amateur FoFi; abessonov's ghost, amateur FeTm


Innate Abilities, Weirdness & Mutations

You are immune to sickness and miasma.
You are immune to poison.
Your flesh is very heat resistant. (rF++)
You are vulnerable to cold. (rC-)
You float through the air rather than walking.
You learn spells naturally, not from books.
Your magical power is your life essence.
You have superior vitality. (+4 MHP)


Message History

The wight hits you with a +2 short sword!
* * * LOW HITPOINT WARNING * * *
Casting: Flame Wave (dangerous; 13% risk of failure)
Confirm with . or Enter, or press ? or * to list all spells.
Casting: Flame Wave (dangerous; 13% risk of failure)
Press: ? - help, Dir - look around, f - activate A wave of flame ripples out!
The flame wave engulfs the wight.
The wight is moderately damaged. (Press . to intensify the flame waves.)
* * * LOW HITPOINT WARNING * * *
A wight comes into view. It is wielding a +3 great sword.
The wight hits you with a +2 short sword!
* * * LOW HITPOINT WARNING * * *
A wave of flame ripples out!
The flame wave engulfs the wight.
The wight is moderately damaged.
The flame wave engulfs the wight!
You destroy the wight!
* * * LOW HITPOINT WARNING * * *
The wight closely misses you.
A wight comes into view. It is wielding a +3 halberd.
A wave of flame ripples out!
The flame wave engulfs the wight!
The wight is almost destroyed.
* * * LOW HITPOINT WARNING * * *
You finish channelling waves of flame.
The wight misses you.
Casting: Flame Wave (dangerous; 13% risk of failure)
Confirm with . or Enter, or press ? or * to list all spells.
Casting: Flame Wave (dangerous; 13% risk of failure)
Press: ? - help, Dir - look around, f - activate A wave of flame ripples out!
The flame wave engulfs the wight!
You destroy the wight! (Press . to intensify the flame waves.)
* * * LOW HITPOINT WARNING * * *
Casting: Flame Wave (dangerous; 12% risk of failure)
Confirm with . or Enter, or press ? or * to list all spells.
You can't see any susceptible monsters within range! (Use Z to cast anyway.)
Casting: Flame Wave (dangerous; 12% risk of failure)
Confirm with . or Enter, or press ? or * to list all spells.
Aiming: Shock (safe; 1% risk of failure)
Press: ? - help, Shift-Dir - straight line, f - wight
Aim: a wight, wielding a +3 halberd and wearing a +0 robe (74% to hit)
The zap hits the wight.
The wight is lightly damaged.
The zap misses the wight.
* * * LOW HITPOINT WARNING * * *
Casting: Shock (safe; 1% risk of failure)
Confirm with . or Enter, or press ? or * to list all spells.
Aiming: Shock (safe; 1% risk of failure)
Press: ? - help, Shift-Dir - straight line, f/p - wight
Aim: a wight, wielding a +3 halberd and wearing a +0 robe (lightly damaged, 74% to hit)
The zap hits the wight.
The wight is moderately damaged.
* * * LOW HITPOINT WARNING * * *
Your magical contamination has completely faded away.
Casting: Shock (safe; 1% risk of failure)
Confirm with . or Enter, or press ? or * to list all spells.
Aiming: Petrify (dangerous; 12% risk of failure)
Press: ? - help, Shift-Dir - straight line, f/p - wight
Aim: a wight, wielding a +3 halberd and wearing a +0 robe (moderately damaged, chance to affect: 60%)
The wight is moving more slowly.
* * * LOW HITPOINT WARNING * * *
Casting: Petrify (dangerous; 12% risk of failure)
Confirm with . or Enter, or press ? or * to list all spells.
Aiming: Stone Arrow (dangerous; 3% risk of failure)
Press: ? - help, Shift-Dir - straight line, f/p - wight
Aim: a wight, wielding a +3 halberd and wearing a +0 robe (moderately damaged, petrifying slowly, 100% to hit)
The stone arrow hits the wight!
The wight is severely damaged.
* * * LOW HITPOINT WARNING * * *
Casting: Stone Arrow (dangerous; 3% risk of failure)
Confirm with . or Enter, or press ? or * to list all spells.
Aiming: Stone Arrow (dangerous; 3% risk of failure)
Press: ? - help, Shift-Dir - straight line, f/p - wight
Aim: a wight, wielding a +3 halberd and wearing a +0 robe (severely damaged, petrifying slowly, 100% to hit)
The stone arrow hits the wight!!
You destroy the wight!
* * * LOW HITPOINT WARNING * * *
Casting: Stone Arrow (dangerous; 3% risk of failure)
Confirm with . or Enter, or press ? or * to list all spells.
Aiming: Stone Arrow (dangerous; 3% risk of failure)
Press: ? - help, Shift-Dir - straight line, f - wight
Aim: a wight, wielding a +3 great sword and wearing a +0 robe (74% to hit)
The stone arrow misses the wight.
* * * LOW HITPOINT WARNING * * *
Casting: Stone Arrow (dangerous; 3% risk of failure)
Confirm with . or Enter, or press ? or * to list all spells.
Casting: Flame Wave (dangerous; 12% risk of failure)
Press: ? - help, Dir - look around, f - activate A wave of flame ripples out!
The flame wave engulfs the wight.
The wight is lightly damaged. (Press . to intensify the flame waves.)
* * * LOW HITPOINT WARNING * * *
The wight barely misses you.
A wave of flame ripples out!
The flame wave engulfs the wight!
The wight is heavily damaged.
* * * LOW HITPOINT WARNING * * *
The wight hits you with a +3 great sword!!
* * * LOW HITPOINT WARNING * * *
Without enough magic to sustain them, the waves of flame dissipate.
The wight hits you with a +3 great sword!
You die...

....'...............#
....#.......).......#
....###'##..........#
#####...##..........#
.............##.....#
........##...##.)...#
........##...##.....#
.............#..z...#
.............#..@...#
.............#......#
#####################


You could see a wight.

Vanquished Creatures
  Grinder (D:3)
  A steam dragon (D:6)
  2 water moccasins (D:5)
  A black bear (D:6)
  Pargi (D:3)
  2 ice beasts
  A sky beast (D:6)
  A scorpion (D:5)
  4 wights (D:6)
  A howler monkey (D:4)
  A gnoll bouda (D:6)
  2 hounds
  A centaur skeleton (D:3)
  2 iguanas
  Natasha (thrice) (D:3)
  2 orc wizards (D:4)
  A scorpion zombie (D:3)
  A hound skeleton (D:3)
  Robin (D:3)
  5 gnolls
  11 adders
  2 shadow imps (D:6)
  An ufetubus (D:4)
  2 adder skeletons (D:3)
  A worm (D:3)
  3 dart slugs (D:2)
  9 orcs
  6 ball pythons
  4 bats
  8 endoplasms
  3 giant cockroaches
  15 goblins
  11 hobgoblins
  6 jackals
  4 quokkas
  4 frilled lizards
  A giant cockroach zombie (D:3)
  10 kobolds
  A quokka skeleton (D:3)
  3 rats
139 creatures vanquished.

Vanquished Creatures (others)
  A gnoll (D:6)
1 creature vanquished.

Grand Total: 140 creatures vanquished

Notes
Turn   | Place    | Note
-------+----------+-------------------------------------------
     0 | D:1      | RascalDebosk the Djinni Earth Elementalist began the quest
                  | for the Orb.
     0 | D:1      | RascalDebosk set off with the following spells memorised:
                  | Sandblast, Passwall, Stone Arrow, Petrify.
     0 | D:1      | Reached XP level 1. HP: 15/15 MP: 0/0
    28 | D:1      | Reached XP level 2. HP: 16/21 MP: 0/0
   147 | D:1      | Reached skill level 3 in Spellcasting
   303 | D:1      | Reached XP level 3. HP: 24/25 MP: 0/0
   303 | D:1      | Learned a level 1 spell: Shock
   788 | D:2      | Reached XP level 4. HP: 27/31 MP: 0/0
  1096 | D:2      | You are sucked into a shaft and drop 2 floors!
  1108 | D:4      | Reached skill level 4 in Spellcasting
  1118 | D:4      | Reached XP level 5. HP: 18/36 MP: 0/0
  1118 | D:4      | Learned a level 2 spell: Poisonous Vapours
  1120 | D:4      | Reached skill level 1 in Fighting
  1413 | D:4      | Reached skill level 1 in Evocations
  1620 | D:4      | Reached skill level 1 in Short Blades
  1620 | D:4      | Reached XP level 6. HP: 38/43 MP: 0/0
  1698 | D:4      | Noticed GigaChad's ghost (amateur FoFi)
  1700 | D:4      | Found a runed translucent gate.
  1701 | D:4      | Found a runed translucent gate.
  1701 | D:4      | Found a runed translucent gate.
  1701 | D:4      | Noticed abessonov's ghost (amateur FeTm)
  2320 | D:5      | Entered Level 5 of the Dungeon
  2372 | D:5      | Noticed an ice beast
  2379 | D:5      | Killed an ice beast
  2380 | D:5      | Reached XP level 7. HP: 45/49 MP: 0/0
  2380 | D:5      | Learned a level 3 spell: Ignite Poison
  2657 | D:5      | Found a broken altar of Ashenzari.
  2657 | D:5      | Found an iron altar of Okawaru.
  2660 | D:5      | Noticed a water moccasin
  2668 | D:5      | Found a hide-covered altar of Uskayaw.
  2670 | D:5      | Became a worshipper of Ashenzari the Shackled
  2681 | D:5      | Killed a water moccasin
  3009 | D:3      | Reached skill level 1 in Armour
  3074 | D:3      | Noticed Robin
  3084 | D:3      | Killed Robin
  3173 | D:3      | Noticed Pargi
  3176 | D:3      | Killed Pargi
  3177 | D:3      | Reached skill level 5 in Spellcasting
  3271 | D:3      | Found Catugih's Jewellery Shop.
  3393 | D:3      | Noticed Natasha
  3396 | D:3      | Killed Natasha
  3397 | D:3      | Reached XP level 8. HP: 53/58 MP: 0/0
  3570 | D:3      | Noticed Natasha
  3573 | D:3      | Killed Natasha
  3644 | D:3      | Noticed Grinder
  3655 | D:3      | Killed Grinder
  3773 | D:3      | Noticed Natasha
  3775 | D:3      | Killed Natasha
  4127 | D:5      | Found a staircase to the Ecumenical Temple.
  4648 | D:6      | Found a sacrificial altar of Ru.
  4731 | D:6      | Reached skill level 5 in Fighting
  4731 | D:6      | Reached XP level 9. HP: 29/65 MP: 0/0
  4731 | D:6      | Learned a level 4 spell: Flame Wave
  4785 | D:6      | Identified the +0 chain mail "Poas" {-Tele Int+10 Stlth+}
  5235 | D:6      | Reached skill level 6 in Spellcasting
  5270 | D:6      | HP: 1/66 [wight/+3 great sword (19)]
  5271 | D:6      | Mangled by a wight

Illustrated notes

Levels and vault maps discovered:
D:1:      dpeg_arrival_refuge, layout_basic, dreamdust_princess_corridor,
          chequers_serial_rivers_micro_c
D:2:      layout_basic, reono_crystal_passage, st_stairs_6
D:3:      layout_basic, serial_undead, serial_undead_d, serial_undead_e,
          serial_undead_b, serial_undead_a, serial_shops,
          nicolae_shop_window_shopping, uniq_natasha, uniq_grinder, uniq_robin,
          uniq_pargi
D:4:      layout_loops_ring, kennysheep_orc_sif_temple,
          gammafunk_ghost_cemetery, grunt_decor_one_mirror
D:5:      layout_basic, gammafunk_temple_overflow_forgotten,
          minmay_temple_entry_statues, wad_floor_pattern_2
D:6:      layout_gridville, mainiacjoe_overflow_brackets, kennysheep_mini,
          st_stairs_9

Skill      XL: |  1  2  3  4  5  6  7  8  9 |
---------------+----------------------------+-----
Spellcasting   | 3 4 5 6 |  6.1
Fighting       | 1 2 3 5 |  5.7
Evocations     | 1 |  1.7
Short Blades   | 1 2 3 |  3.5
Armour         | 1 2 3 |  3.3
Stealth        | 2 3 |  3.5
Dodging        | |  2.1

Action                     |  1- 3 |  4- 6 |  7- 9 || total
---------------------------+-------+-------+-------++-------
  Melee: Short sword       |       |     8 |     4 ||    12
   Cast: Sandblast         |    36 |     5 |    20 ||    61
         Shock             |    18 |   105 |    67 ||   190
         Poisonous Vapours |       |     3 |    27 ||    30
         Ignite Poison     |       |       |    21 ||    21
         Stone Arrow       |       |       |    31 ||    31
         Petrify           |       |       |    16 ||    16
         Flame Wave        |       |       |     3 ||     3
 Armour: Robe              |     1 |     1 |     2 ||     4
         Troll leather arm |       |       |    12 ||    12
  Dodge: Dodged            |    11 |    21 |    35 ||    67
